PAA
VIRGINIA PALLADIUM SOX @ FT. POLK SOUTH THUNDER HAWKS
08/17/2037
 
TOP OF THE 1ST
Virginia Palladium Sox batting - Pitching for Ft. Polk South Thunder Hawks : RHP Jeff Wright
Pitching: RHP Jeff Wright
Batting: LHB Jorge Castillo 0-0: Swinging Strike
0-1: Foul Ball, location: 2F
0-2: Fly out, F2 (Popup, 5SF, EV 88.1 MPH)
Batting: LHB Joe Karnowski 0-0: Called Strike
0-1: Ball
1-1: Fly out, F9 (Flyball, 9S, EV 85.6 MPH)
Batting: LHB Dave Watts 0-0: Swinging Strike
0-1: Foul Ball, location: 2F
0-2: Strikes out looking
Top of the 1st over - 0 runs, 0 hits, 0 errors, 0 left on base; Virginia 0 - Ft. Polk South 0
BOTTOM OF THE 1ST
Ft. Polk South Thunder Hawks batting - Pitching for Virginia Palladium Sox : LHP Sergio Gallegos
Pitching: LHP Sergio Gallegos
Batting: RHB Yasuhide Nakashima 0-0: SINGLE (Line Drive, 56D, EV 98.8 MPH)
Batting: RHB Terry Kurucz 0-0: Ball
1-0: Swinging Strike
1-1: Ball
Yasuhide Nakashima is caught stealing 2nd base 2-4
2-1: Bunt for hit to 25 - play at first, batter safe!
Batting: LHB Pat Pending 0-0: Ball
Terry Kurucz is caught stealing 2nd base 2-6
1-0: Ball
2-0: Ground out 4-3 (Groundball, 4, EV 86.2 MPH)
Bottom of the 1st over - 0 runs, 2 hits, 0 errors, 0 left on base; Virginia 0 - Ft. Polk South 0
TOP OF THE 2ND
Virginia Palladium Sox batting - Pitching for Ft. Polk South Thunder Hawks : RHP Jeff Wright
Batting: RHB Loring Rommel 0-0: Called Strike
0-1: Foul Ball, location: 2F
0-2: Fly out, F6 (Popup, P, EV 83.1 MPH)
Batting: LHB Santiago Miranda 0-0: Ball
1-0: Fly out, F5 (Popup, 5F, EV 76.2 MPH)
Batting: RHB Andy Garnet 0-0: Ball
1-0: Called Strike
1-1: Swinging Strike
1-2: Ball
2-2: SINGLE (Groundball, 34D, EV 104.4 MPH)
Batting: RHB Víctor Murguia 0-0: Foul Ball, location: 2F
0-1: Ground out 1-3 (Groundball, 13S, EV 76.2 MPH)
Top of the 2nd over - 0 runs, 1 hit, 0 errors, 1 left on base; Virginia 0 - Ft. Polk South 0
BOTTOM OF THE 2ND
Ft. Polk South Thunder Hawks batting - Pitching for Virginia Palladium Sox : LHP Sergio Gallegos
Batting: LHB Carlos Castro 0-0: Called Strike
0-1: Swinging Strike
0-2: Ball
1-2: Ball
2-2: Ball
3-2: Foul Ball, location: 2F
3-2: Strikes out swinging
Batting: LHB Gregory Clement 0-0: Ball
1-0: Foul Ball, location: 2F
1-1: Ball
2-1: Fly out, F2 (Popup, 2R, EV 89.4 MPH)
Batting: RHB Miguel Pacheco 0-0: Foul Ball, location: 2F
0-1: Swinging Strike
0-2: Fly out, F9 (Line Drive, 9, EV 88.1 MPH)
Bottom of the 2nd over - 0 runs, 0 hits, 0 errors, 0 left on base; Virginia 0 - Ft. Polk South 0
TOP OF THE 3RD
Virginia Palladium Sox batting - Pitching for Ft. Polk South Thunder Hawks : RHP Jeff Wright
Batting: SHB Jim Dunleavy 0-0: Ball
1-0: Fly out, F7 (Flyball, 7LM, EV 104.4 MPH)
Batting: RHB Mohamed Billard 0-0: Called Strike
0-1: Called Strike
0-2: Ball
1-2: Strikes out swinging
Batting: LHB Jorge Castillo 0-0: Ball
1-0: Foul Ball, location: 2F
1-1: Called Strike
1-2: Ball
2-2: Ball
3-2: Base on Balls
Batting: LHB Joe Karnowski 0-0: Ball
1-0: Fly out, F5 (Popup, 15, EV 80.6 MPH)
Top of the 3rd over - 0 runs, 0 hits, 0 errors, 1 left on base; Virginia 0 - Ft. Polk South 0
BOTTOM OF THE 3RD
Ft. Polk South Thunder Hawks batting - Pitching for Virginia Palladium Sox : LHP Sergio Gallegos
Batting: RHB Lucas Gallant 0-0: Ball
1-0: Ball
2-0: Fly out, F6 (Flyball, 56D, EV 81.2 MPH)
Batting: LHB Marc Ben 0-0: Ground out 4-3 (Groundball, 4S, EV 90.0 MPH)
Batting: RHB César Salvatierra 0-0: Foul Ball, location: 2F
0-1: Foul Ball, location: 2F
0-2: Ground out 6-3 (Groundball, 6, EV 99.4 MPH)
Bottom of the 3rd over - 0 runs, 0 hits, 0 errors, 0 left on base; Virginia 0 - Ft. Polk South 0
TOP OF THE 4TH
Virginia Palladium Sox batting - Pitching for Ft. Polk South Thunder Hawks : RHP Jeff Wright
Batting: LHB Dave Watts 0-0: Called Strike
0-1: Ball
1-1: Fly out, F9 (Flyball, 89S, EV 78.8 MPH)
Batting: RHB Loring Rommel 0-0: Called Strike
0-1: Ball
1-1: Ball
2-1: Ball
3-1: Called Strike
3-2: Foul Ball, location: 2F
3-2: DOUBLE (Line Drive, 7LD, EV 101.2 MPH)
Batting: LHB Santiago Miranda 0-0: Ball
1-0: Foul Ball, location: 2F
1-1: Called Strike
1-2: Ground out 6-3 (Groundball, 6, EV 103.8 MPH)
Batting: RHB Andy Garnet 0-0: Ball
1-0: Foul Ball, location: 2F
1-1: Ball
2-1: Fly out, F4 (Popup, 4MD, EV 45.0 MPH)
Top of the 4th over - 0 runs, 1 hit, 0 errors, 1 left on base; Virginia 0 - Ft. Polk South 0
BOTTOM OF THE 4TH
Ft. Polk South Thunder Hawks batting - Pitching for Virginia Palladium Sox : LHP Sergio Gallegos
Batting: RHB Yasuhide Nakashima 0-0: Ground out 5-3 (Groundball, 56, EV 86.2 MPH)
Batting: RHB Terry Kurucz 0-0: Ball
1-0: Fly out, F8 (Flyball, 89D, EV 92.5 MPH)
Batting: LHB Pat Pending 0-0: Foul Ball, location: 2F
0-1: Foul Ball, location: 2F
0-2: Fly out, F8 (Flyball, 8RS, EV 94.4 MPH)
Bottom of the 4th over - 0 runs, 0 hits, 0 errors, 0 left on base; Virginia 0 - Ft. Polk South 0
TOP OF THE 5TH
Virginia Palladium Sox batting - Pitching for Ft. Polk South Thunder Hawks : RHP Jeff Wright
Batting: RHB Víctor Murguia 0-0: Ground out 5-3 (Groundball, 56, EV 86.2 MPH)
Batting: SHB Jim Dunleavy 0-0: Called Strike
0-1: Ball
1-1: Ball
2-1: Ball
3-1: Fly out, F7 (Flyball, 7, EV 98.8 MPH)
Batting: RHB Mohamed Billard 0-0: Ground out 6-3 (Groundball, 6, EV 108.1 MPH)
Top of the 5th over - 0 runs, 0 hits, 0 errors, 0 left on base; Virginia 0 - Ft. Polk South 0
BOTTOM OF THE 5TH
Ft. Polk South Thunder Hawks batting - Pitching for Virginia Palladium Sox : LHP Sergio Gallegos
Batting: LHB Carlos Castro 0-0: Swinging Strike
0-1: Foul Ball, location: 2F
0-2: Ball
1-2: Foul Ball, location: 2F
1-2: Ball
2-2: Ball
3-2: Fly out, F7 (Flyball, 7S, EV 95.6 MPH)
Batting: LHB Gregory Clement 0-0: Ball
1-0: Foul Ball, location: 2F
1-1: Ground out 4-3 (Groundball, 4, EV 85.6 MPH)
Batting: RHB Miguel Pacheco 0-0: Foul Ball, location: 2F
0-1: Ball
1-1: Ball
2-1: Swinging Strike
2-2: SINGLE (Groundball, 34D, EV 99.4 MPH)
Batting: RHB Lucas Gallant 0-0: Ball
1-0: Called Strike
1-1: SINGLE (Line Drive, 78M, EV 92.5 MPH)
Miguel Pacheco to second
Batting: LHB Marc Ben 0-0: Ground out U3 (Groundball, 3, EV 87.5 MPH)
Bottom of the 5th over - 0 runs, 2 hits, 0 errors, 2 left on base; Virginia 0 - Ft. Polk South 0
TOP OF THE 6TH
Virginia Palladium Sox batting - Pitching for Ft. Polk South Thunder Hawks : RHP Jeff Wright
Batting: LHB Jorge Castillo 0-0: Ball
1-0: Swinging Strike
1-1: Ball
2-1: Ground out 6-3 (Groundball, 6, EV 87.5 MPH)
Batting: LHB Joe Karnowski 0-0: Foul Ball, location: 2F
0-1: Ball
1-1: Foul Ball, location: 2F
1-2: Ball
2-2: Ball
3-2: SINGLE (Flyball, 8RS, EV 91.9 MPH)
Batting: LHB Dave Watts 0-0: Called Strike
0-1: Fly out, F7 (Flyball, 78D, EV 83.8 MPH)
Batting: RHB Loring Rommel 0-0: Ball
1-0: Ball
2-0: Ball
3-0: Base on Balls
Joe Karnowski to second
Batting: LHB Santiago Miranda 0-0: Ball
1-0: Called Strike
1-1: Fly out, F8 (Flyball, 8LS, EV 90.6 MPH)
Top of the 6th over - 0 runs, 1 hit, 0 errors, 2 left on base; Virginia 0 - Ft. Polk South 0
BOTTOM OF THE 6TH
Ft. Polk South Thunder Hawks batting - Pitching for Virginia Palladium Sox : LHP Sergio Gallegos
Batting: RHB César Salvatierra 0-0: Ball
1-0: Called Strike
1-1: SINGLE (Line Drive, 9S, EV 93.8 MPH)
Batting: RHB Yasuhide Nakashima 0-0: Called Strike
0-1: Ball
1-1: Swinging Strike
1-2: Ball
2-2: Ball
3-2: Base on Balls
César Salvatierra to second
Batting: RHB Terry Kurucz 0-0: Bunted foul
0-1: Ball
1-1: Bunt missed!
1-2: Ball
2-2: Ball
3-2: Grounds into double play, 5-4-3 (Groundball, 56S, EV 84.4 MPH)
César Salvatierra to third
Batting: LHB Pat Pending 0-0: Fly out, F9 (Flyball, 89D, EV 93.1 MPH)
Bottom of the 6th over - 0 runs, 1 hit, 0 errors, 1 left on base; Virginia 0 - Ft. Polk South 0
TOP OF THE 7TH
Virginia Palladium Sox batting - Pitching for Ft. Polk South Thunder Hawks : RHP Jeff Wright
Batting: RHB Andy Garnet 0-0: Ball
1-0: Fly out, F6 (Popup, 4MS, EV 74.4 MPH)
Pitching: RHP Bailey Achurch
Batting: RHB Víctor Murguia 0-0: Called Strike
0-1: Swinging Strike
0-2: DOUBLE (Line Drive, 5D, EV 110.0 MPH)
Batting: SHB Jim Dunleavy 0-0: Intentional Walk
Batting: RHB Mohamed Billard 0-0: Ball
1-0: SINGLE (Groundball, 6MD, EV 98.8 MPH)
Víctor Murguia to third
Jim Dunleavy to second
Runner from 3rd tries for Home, SAFE, throw by CF to home
Batting: LHB Jorge Castillo 0-0: Ball
Wild Pitch!
Jim Dunleavy to third
Mohamed Billard to second
1-0: Called Strike
1-1: Ball
2-1: Ground out 4-3 (Groundball, 34S, EV 69.4 MPH)
Batting: LHB Joe Karnowski 0-0: Ball
1-0: Ball
2-0: Foul Ball, location: 2F
2-1: SINGLE (Line Drive, 4M, EV 98.1 MPH)
Jim Dunleavy scores
Mohamed Billard to third
Runner from 3rd tries for Home, throw by CF and OUT! 8-2
Top of the 7th over - 2 runs, 3 hits, 0 errors, 1 left on base; Virginia 2 - Ft. Polk South 0
BOTTOM OF THE 7TH
Ft. Polk South Thunder Hawks batting - Pitching for Virginia Palladium Sox : LHP Sergio Gallegos
Batting: LHB Carlos Castro 0-0: Ball
1-0: Ball
2-0: Foul Ball, location: 2F
2-1: Ball
3-1: Called Strike
3-2: Fly out, F8 (Flyball, 8LD, EV 90.6 MPH)
Batting: LHB Gregory Clement 0-0: Called Strike
0-1: Called Strike
0-2: Ball
1-2: Ground out 1-3 (Groundball, 13, EV 82.5 MPH)
Batting: RHB Miguel Pacheco 0-0: Fly out, F8 (Flyball, 8RD, EV 100.6 MPH)
Bottom of the 7th over - 0 runs, 0 hits, 0 errors, 0 left on base; Virginia 2 - Ft. Polk South 0
TOP OF THE 8TH
Virginia Palladium Sox batting - Pitching for Ft. Polk South Thunder Hawks : RHP Bailey Achurch
Batting: LHB Dave Watts 0-0: Ball
1-0: Ball
2-0: Called Strike
2-1: SINGLE (Groundball, 34D, EV 98.8 MPH)
Batting: RHB Loring Rommel 0-0: Ball
1-0: Foul Ball, location: 2F
1-1: Swinging Strike
1-2: Grounds into double play, 4-6-3 (Groundball, 4, EV 85.6 MPH)
Batting: LHB Santiago Miranda 0-0: Foul Ball, location: 2F
0-1: Ball
1-1: Ball
2-1: Ball
3-1: Called Strike
3-2: Base on Balls
Batting: RHB Andy Garnet 0-0: Called Strike
0-1: Ball
1-1: Ball
2-1: Foul Ball, location: 2F
2-2: Foul Ball, location: 2F
2-2: Foul Ball, location: 2F
2-2: Foul Ball, location: 2F
2-2: Ground out 5-3 (Groundball, 5S, EV 81.9 MPH)
Top of the 8th over - 0 runs, 1 hit, 0 errors, 1 left on base; Virginia 2 - Ft. Polk South 0
BOTTOM OF THE 8TH
Ft. Polk South Thunder Hawks batting - Pitching for Virginia Palladium Sox : LHP Sergio Gallegos
Batting: RHB Lucas Gallant 0-0: Ball
1-0: Ball
2-0: Swinging Strike
2-1: Foul Ball, location: 2F
2-2: Ground out 6-3 (Groundball, 6, EV 83.8 MPH)
Batting: LHB Marc Ben 0-0: Foul Ball, location: 2F
0-1: Foul Ball, location: 2F
0-2: Ball
1-2: Ball
2-2: SOLO HOME RUN (Flyball, 9LD, EV 95.6 MPH), Distance : 334 ft
Batting: RHB César Salvatierra 0-0: Called Strike
0-1: Called Strike
0-2: Ground out 5-3 (Groundball, 56, EV 81.9 MPH)
Batting: RHB Yasuhide Nakashima 0-0: Called Strike
0-1: Swinging Strike
0-2: Ground out 1-3 (Groundball, P, EV 93.1 MPH)
Bottom of the 8th over - 1 run, 1 hit, 0 errors, 0 left on base; Virginia 2 - Ft. Polk South 1
TOP OF THE 9TH
Virginia Palladium Sox batting - Pitching for Ft. Polk South Thunder Hawks : RHP Bailey Achurch
Batting: RHB Víctor Murguia 0-0: Swinging Strike
0-1: Ball
1-1: Ball
2-1: SINGLE (Line Drive, 9S, EV 98.1 MPH)
Pitching: RHP Dan Porter
Batting: SHB Jim Dunleavy 0-0: Sac Bunt to 2L - play at first, batter OUT! 2-4
Víctor Murguia to second
Batting: RHB Mohamed Billard 0-0: Ball
1-0: Ball
2-0: Called Strike
2-1: Ball
3-1: SINGLE (Groundball, 6MD, EV 95.6 MPH)
Víctor Murguia to third
Runner from 3rd tries for Home, SAFE, throw by CF to home
Batting: LHB Jorge Castillo 0-0: Ball
1-0: Called Strike
1-1: Swinging Strike
1-2: Strikes out swinging
Batting: LHB Joe Karnowski 0-0: Foul Ball, location: 2F
0-1: Swinging Strike
0-2: Ball
1-2: Ball
2-2: Ball
3-2: Reached on error, E5 (Groundball, 5, EV 101.9 MPH)
Mohamed Billard to second
Batting: LHB Dave Watts 0-0: Called Strike
0-1: Fly out, F5 (Popup, 56, EV 69.4 MPH)
Top of the 9th over - 1 run, 2 hits, 1 error, 2 left on base; Virginia 3 - Ft. Polk South 1
BOTTOM OF THE 9TH
Ft. Polk South Thunder Hawks batting - Pitching for Virginia Palladium Sox : LHP Sergio Gallegos
Pitching: LHP Doug Lane
Batting: RHB Terry Kurucz 0-0: Ball
1-0: SINGLE (Flyball, 89M, EV 88.1 MPH)
Pinch Hitting: RHB Ruggiero Veneziano 0-0: Ball
1-0: 2-RUN HOME RUN (Line Drive, 7D, EV 102.5 MPH), Distance : 348 ft
Batting: LHB Carlos Castro 0-0: Ball
1-0: Ball
2-0: Ball
3-0: Called Strike
3-1: Foul Ball, location: 2F
3-2: Base on Balls
Batting: LHB Gregory Clement 0-0: Swinging Strike
0-1: Ball
1-1: Foul Ball, location: 2F
1-2: Grounds into double play, 5-4-3 (Groundball, 5, EV 92.5 MPH)
Batting: RHB Miguel Pacheco 0-0: Ball
1-0: Ground out 5-3 (Groundball, 56S, EV 69.4 MPH)
Bottom of the 9th over - 2 runs, 2 hits, 0 errors, 0 left on base; Virginia 3 - Ft. Polk South 3
TOP OF THE 10TH
Virginia Palladium Sox batting - Pitching for Ft. Polk South Thunder Hawks : RHP Dan Porter
Now in LF: Justin Forbes
Batting: RHB Loring Rommel 0-0: Ball
1-0: Ball
2-0: Ball
3-0: Called Strike
3-1: Swinging Strike
3-2: Base on Balls
Batting: LHB Santiago Miranda 0-0: Called Strike
0-1: Ball
1-1: Foul Ball, location: 2F
1-2: Foul Ball, location: 2F
1-2: Ball
2-2: Ball
3-2: Base on Balls
Loring Rommel to second
Batting: RHB Andy Garnet 0-0: Called Strike
0-1: Ball
1-1: Called Strike
1-2: SINGLE (Groundball, 56D, EV 98.1 MPH)
Loring Rommel to third
Santiago Miranda to second
Batting: RHB Víctor Murguia 0-0: Called Strike
0-1: Foul Ball, location: 2F
0-2: Grounds into fielders choice 3-2 (Groundball, 3S, EV 66.2 MPH)
Santiago Miranda to third
Andy Garnet to second
Pitching: RHP Ricardo Peito
Batting: SHB Jim Dunleavy 0-0: Ball
1-0: Called Strike
1-1: Grounds into fielders choice 5-2 (Groundball, 56, EV 87.5 MPH)
Andy Garnet to third
Víctor Murguia to second
Batting: RHB Mohamed Billard 0-0: Ball
1-0: Ball
2-0: Ball
3-0: Base on Balls
Andy Garnet scores
Víctor Murguia to third
Jim Dunleavy to second
Batting: LHB Jorge Castillo 0-0: Ball
1-0: Ball
2-0: Ball
3-0: Called Strike
3-1: Base on Balls
Víctor Murguia scores
Jim Dunleavy to third
Mohamed Billard to second
Batting: LHB Joe Karnowski 0-0: Ball
1-0: Foul Ball, location: 2F
1-1: Ball
2-1: Ball
3-1: Base on Balls
Jim Dunleavy scores
Mohamed Billard to third
Jorge Castillo to second
Batting: LHB Dave Watts 0-0: Foul Ball, location: 2F
0-1: Ball
1-1: Swinging Strike
1-2: Fly out, F8 (Line Drive, 8LD, EV 97.5 MPH)
Top of the 10th over - 3 runs, 1 hit, 0 errors, 3 left on base; Virginia 6 - Ft. Polk South 3
BOTTOM OF THE 10TH
Ft. Polk South Thunder Hawks batting - Pitching for Virginia Palladium Sox : LHP Doug Lane
Pitching: RHP Érik Moreau
Batting: RHB Lucas Gallant 0-0: Bunted foul
0-1: Called Strike
0-2: Ball
1-2: Ball
2-2: Strikes out swinging
Batting: LHB Marc Ben 0-0: Ball
1-0: SOLO HOME RUN (Flyball, 9D, EV 96.2 MPH), Distance : 357 ft
Batting: RHB César Salvatierra 0-0: Swinging Strike
0-1: Ball
1-1: Foul Ball, location: 2F
1-2: Ball
2-2: Strikes out swinging
Batting: RHB Yasuhide Nakashima 0-0: Called Strike
0-1: SINGLE (Groundball, 4MD, EV 99.4 MPH)
Pinch Hitting: LHB Anastasio Flores 0-0: Ball
1-0: Called Strike
1-1: Foul Ball, location: 2F
1-2: SINGLE (Line Drive, 7LS, EV 91.2 MPH)
Yasuhide Nakashima to second
Batting: RHB Justin Forbes 0-0: Ball
1-0: Fly out, F8 (Flyball, 8RM, EV 93.8 MPH)
Bottom of the 10th over - 1 run, 3 hits, 0 errors, 2 left on base; Virginia 6 - Ft. Polk South 4
Thursday, January 23rd, 2020 - OOTP Baseball 20.8 Build 74